 Dungeon Crawl Stone Soup version 0.29.1 (webtiles) character file.

Game seed: 13543014986586857044

190 concernfroge the Trooper (level 5, -1/46 HPs)
             Began as a Mummy Monk on Sept 13, 2022.
             Slain by a white imp (2 damage)
             ... on level 6 of the Dungeon.
             The game lasted 00:07:09 (2708 turns).

concernfroge the Trooper (Mummy Monk)               Turns: 2708, Time: 00:07:10

Health: -1/46      AC: 11    Str: 16    XL:     5   Next: 41%
Magic:  5/5        EV:  5    Int:  9    God:
Gold:   108        SH:  0    Dex: 15    Spells: 4/4 levels left

rFire   x . .      SeeInvis +   a - +1 spear
rCold   + . .      Faith    .   (no shield)
rNeg    + + +      Spirit   .   b - +1 plate armour
rPois   ∞          Reflect  .   (no helmet)
rElec   .          Harm     .   (no cloak)
rCorr   .          Rampage  .   (no gloves)
Will    .....                   (no boots)
Stlth   ..........              (no amulet)
HPRegen 0.15/turn               k - ring of see invisible
MPRegen 0.09/turn               (no ring)

@: no status effects
A: cold resistance 1, negative energy resistance 3, torment resistance 2, heat
vulnerability 1, in touch with death 1, no potions
a: no special abilities


You were on level 6 of the Dungeon.
You visited 1 branch of the dungeon, and saw 6 of its levels.

You collected 108 gold pieces.

Inventory:

Hand Weapons
 a - a +1 spear (weapon)
Armour
 b - a +1 plate armour (worn)
Jewellery
 k - a ring of see invisible (left hand)
Scrolls
 g - 2 scrolls of noise


   Skills:
 + Level 6.2 Fighting
 - Level 2.4 Polearms
 - Level 2.4 Dodging
 - Level 1.5 Stealth


You had 4 spell levels left.
You didn't know any spells.
Your spell library was empty.

Dungeon Overview and Level Annotations

Branches:
Dungeon (6/15)
 Temple: D:4-7

Altars:
Sif Muna
Xom

Shops:
D:5 (

Annotations:
D:4 Crazy Yiuf, Menkaure, Sigmund
D:5 Eustachio


Innate Abilities, Weirdness & Mutations

You are immune to poison.
Your flesh is cold resistant. (rC+)
You are immune to negative energy. (rN+++)
You are immune to unholy pain and torment.
You are vulnerable to heat. (rF-)
You are in touch with the powers of death.
You do not drink.


Message History

The scorpion barely misses you. The scorpion attacks as you move away!
The scorpion barely misses you. The ice beast barely misses you.
The orc barely misses you. The orc attacks as you move away!
The orc hits you with a +0 flail.
* * * LOW HITPOINT WARNING * * *
The ice beast hits you but does no damage.
The howler monkey attacks as you move away!
The howler monkey hits you but does no damage.
Found a fizzy inky potion.
The howler monkey hoots and howls with incredible vigour!
The scorpion stings you but does no damage.
You hear a loud, deep croak!
The scorpion stings you but does no damage.
The ice beast attacks as you move away!
The ice beast hits you but does no damage.
The scorpion attacks as you move away!
The scorpion stings you but does no damage.
Something unseen opens the door.
The scorpion attacks as you move away! The scorpion stings you.
* * * LOW HITPOINT WARNING * * *
The ice beast attacks as you move away!
The ice beast hits you but does no damage.
A white imp comes into view.
Found a stone staircase leading down.
The white imp shouts, "Turn tail, thou pecksniffian combustible vassal!"
The howler monkey hoots and howls with incredible vigour!
You hear a shout!
The ice beast attacks as you move away!
The ice beast hits you but does no damage.
A wight comes into view. It is wielding a +1 battleaxe.
The scorpion stings you.
* * * LOW HITPOINT WARNING * * *
The white imp gestures at you. The puff of frost hits you. You resist.
* * * LOW HITPOINT WARNING * * *
A wight comes into view. It is wielding a +0 vorpal great sword.
The white imp hits you.
* * * LOW HITPOINT WARNING * * *
The white imp freezes you. You resist.
You die...

#....# #....#
#....# #....###
## #...$..#
z...####ho.#
...z.......#
....###sY.!#####
. #5@.......
#....#####
#.#'#...
#>#.#.##.#
#.#.#.. #.... #
#.#.# #. .#


You could see an ice beast, a scorpion, a howler monkey, a white imp and an orc.

Vanquished Creatures
  An ice beast (D:4)
  5 adders
  A worm (D:2)
  2 dart slugs
  5 ball pythons
  2 endoplasms
  A giant cockroach (D:2)
  3 goblins
  8 hobgoblins
  4 jackals
  2 quokkas
  3 bats
  3 frilled lizards
  2 kobolds
  5 rats
47 creatures vanquished.

Vanquished Creatures (others)
  A fungus (D:4)
1 creature vanquished.

Grand Total: 48 creatures vanquished

Notes
Turn   | Place    | Note
-------+----------+-------------------------------------------
     0 | D:1      | concernfroge the Mummy Monk began the quest for the Orb.
     0 | D:1      | Reached XP level 1. HP: 18/18 MP: 1/1
   502 | D:1      | Reached XP level 2. HP: 24/24 MP: 2/2
  1278 | D:2      | Reached skill level 4 in Fighting
  1594 | D:2      | Gained mutation: You are in touch with the powers of death.
                  | [Mummy growth]
  1594 | D:2      | Reached XP level 3. HP: 30/30 MP: 3/3
  2156 | D:2      | Reached skill level 5 in Fighting
  2156 | D:2      | Reached XP level 4. HP: 36/39 MP: 4/4
  2332 | D:3      | Noticed a necrophage
  2372 | D:4      | Noticed an ice beast
  2372 | D:4      | You fall into a shaft and drop 1 floor!
  2372 | D:5      | Entered Level 5 of the Dungeon
  2392 | D:4      | Found a runed translucent door.
  2393 | D:4      | Noticed Crazy Yiuf
  2439 | D:4      | Killed an ice beast
  2440 | D:4      | Reached skill level 6 in Fighting
  2440 | D:4      | Reached XP level 5. HP: 31/46 MP: 5/5
  2547 | D:4      | Noticed Menkaure
  2602 | D:4      | Noticed Sigmund
  2630 | D:5      | Found a shimmering blue altar of Sif Muna.
  2634 | D:5      | Noticed an ice beast
  2659 | D:5      | Found Lojun's Antique Weapon Shoppe.
  2660 | D:5      | Found a shimmering altar of Xom.
  2684 | D:5      | Noticed Eustachio
  2707 | D:6      | HP: 2/46 [white imp/puff of frost (5)]
  2708 | D:6      | Slain by a white imp

Illustrated notes

Levels and vault maps discovered:
D:1:      dpeg_arrival_tiny_h, layout_basic, minmay_misc_feat_square,
          moated_statue
D:2:      layout_basic
D:3:      layout_loops_cross, minivault_11, grunt_ministairs_8
D:4:      layout_gridville, uniq_sigmund, uniq_menkaure, uniq_crazy_yiuf_cottage
D:5:      layout_rooms, mainiacjoe_overflow_alcove_1, overflow_temple_1_default,
          serial_shops, shop, uniq_eustachio
D:6:      layout_basic, kiku_gazebo_garden_becter, cheibriados_altar_1,
          minmay_temple_entry_junction, minmay_manual_mares

Skill      XL: |  1  2  3  4 |
---------------+-------------+-----
Fighting       | 4 5 6 |  6.2
Polearms       | |  2.4
Dodging        | |  2.4
Stealth        | |  1.5

Action                   |  1- 3 |  4- 6 || total
-------------------------+-------+-------++-------
Melee: Spear             |   191 |    57 ||   248
       Punch             |     3 |     2 ||     5
  Use: Scroll            |       |    10 ||    10
 Stab: Sleeping          |     1 |       ||     1
Armor: Ring mail         |     5 |       ||     5
       Robe              |     1 |       ||     1
       Plate armour      |   104 |    90 ||   194
Dodge: Dodged            |    37 |    29 ||    66
